 Dungeon Crawl Stone Soup version 0.20.0-10-g0535bb4 (webtiles) character file.

206 Gorglomux the Magician (level 5, -3/42 HPs)
             Began as a Deep Elf Venom Mage on June 6, 2017.
             Killed from afar by Sigmund (9 damage)
             ... with a wand of flame (?/48)
             ... on level 4 of the Dungeon.
             The game lasted 00:06:58 (2389 turns).

Gorglomux the Magician (Deep Elf Venom Mage)        Turns: 2389, Time: 00:06:59

Health: -3/42      AC: 22    Str: 10    XL:     5   Next: 53%
Magic:  15/15      EV:  2    Int: 21    God:
Gold:   101        SH:  0    Dex: 20    Spells: 8/15 levels left

rFire    . . .     SeeInvis .   c - 4 bread rations
rCold    . . .     Gourm    .   (no shield)
rNeg     + + +     Faith    .   (armour currently unavailable)
rPois    +         Spirit   .   (helmet currently unavailable)
rElec    .         Reflect  .   (cloak currently unavailable)
rCorr    .         Harm     .   (gloves currently unavailable)
MR       .....     NoTele   +   (boots currently unavailable)
Stlth    +++.......             (no amulet)
Regen    0.2/turn               (no ring)
MPRegen  0.2/turn               (no ring)

@: mighty, agile, tree-form, very slightly contaminated, hasted, very quick
A: no striking features
a: no special abilities


You were on level 4 of the Dungeon.
You were not hungry.
You were a tree.
You visited 1 branch of the dungeon, and saw 4 of its levels.

You collected 101 gold pieces.

Inventory:

Armour
 a - a +0 robe (melded)
Jewellery
 h - a +3 amulet of reflection {unknown}
Scrolls
 f - a scroll of enchant armour {unknown}
 g - 2 scrolls of recharging {unknown}
 k - 5 scrolls of identify {unknown}
 m - 3 scrolls of teleportation {unknown}
 o - 2 scrolls of remove curse {unknown}
 t - a scroll of fog {unknown}
Potions
 e - 2 potions of lignification
 i - 2 potions of might
 Q - a potion of curing
Books
 b - a Young Poisoner's Handbook

   Spells                             Type                      Level
   a - Sting                          Conjuration/Poison           1
   b - Poisonous Vapours              Poison/Air                   2
   c - Mephitic Cloud                 Conjuration/Poison/Air       3
   d - Olgreb's Toxic Radiance        Poison                       4
   e - Venom Bolt                     Conjuration/Poison           5
Comestibles
 c - 4 bread rations (in branch)


   Skills:
 - Level 2.4 Dodging
 - Level 2.4 Stealth
 + Level 5.5 Spellcasting
 - Level 2.5 Conjurations
 + Level 5.1 Poison Magic


You had 8 spell levels left.
You knew the following spells:

 Your Spells              Type           Power        Failure   Level  Hunger
a - Sting                 Conj/Pois      ###.         1%          1    None
b - Poisonous Vapours     Pois/Air       ###...       5%          2    None
c - Olgreb's Toxic Radia  Pois           ####....     12%         4    ####...


Dungeon Overview and Level Annotations

Branches:
Dungeon (4/15)
 Temple: D:4-7

Altars:
Ashenzari
Cheibriados
Qazlal
Trog

Annotations:
D:4 Sigmund


Message History

It was a potion of agility.
You feel agile all of a sudden. Something hits you but does no damage.
It was a potion of haste.
You feel yourself speed up.
You hear a zap.
A puff of flame appears from out of thin air!
The puff of flame hits you!
* * * LOW HITPOINT WARNING * * *
Casting: Sting
Confirm with . or Enter, or press ? or * to list all spells.
Aiming: Sting
Press: ? - help, Shift-Dir - straight line The sting hits something.
Unknown command.
Unknown command.
It was a potion of magic.
Magic courses through your body.
You hear a zap.
A puff of flame appears from out of thin air!
The puff of flame hits you!
You die...

#### #.... %....
######### 8.8.8.
.........
......###........
........#a.......
#♣#........
#))<...$...
###{.......
#........
#........
#........
##.###.## .# .#
.# #


There were no monsters in sight!

Vanquished Creatures
  2 worker ants (D:4)
  3 gnolls (D:4)
  4 adders
  4 worms
  3 dart slugs
  2 leopard geckos
  5 orcs (D:3)
  7 bats
  3 giant cockroaches
  5 hobgoblins
  4 jackals (D:2)
  11 kobolds
  A quokka (D:2)
  A ball python (D:3)
  5 frilled lizards
  5 goblins
  12 rats
77 creatures vanquished.

Notes
Turn   | Place    | Note
-------+----------+-------------------------------------------
     0 | D:1      | Gorglomux the Deep Elf Venom Mage began the quest for the Orb.
     0 | D:1      | Reached XP level 1. HP: 10/10 MP: 6/6
   276 | D:1      | Reached XP level 2. HP: 15/15 MP: 5/8
   302 | D:1      | Learned a level 2 spell: Poisonous Vapours
   961 | D:2      | Reached XP level 3. HP: 19/19 MP: 7/10
  1429 | D:2      | Reached XP level 4. HP: 24/24 MP: 10/12
  1494 | D:2      | Found a faded altar of an unknown god.
  1525 | D:2      | Learned a level 4 spell: Olgreb's Toxic Radiance
  1837 | D:3      | Found a bloodstained altar of Trog.
  2025 | D:3      | Found a snail-covered altar of Cheibriados.
  2082 | D:3      | Found a stormy altar of Qazlal.
  2124 | D:3      | Found a shattered altar of Ashenzari.
  2363 | D:4      | Noticed Sigmund
  2370 | D:4      | Reached XP level 5. HP: 19/28 MP: 4/14
  2389 | D:4      | Killed from afar by Sigmund

Skill      XL: |  1  2  3  4  5 |
---------------+----------------+-----
Conjurations   | 2 |  2.5
Spellcasting   | 4 5 |  5.5
Poison Magic   | 4 5 |  5.1
Dodging        | |  2.4
Stealth        | |  2.4

Action                   |  1- 3 |  4- 6 || total
-------------------------+-------+-------++-------
Melee: Unarmed           |     2 |       ||     2
 Cast: Sting             |    47 |    33 ||    80
       Poisonous Vapours |    22 |    19 ||    41
       Olgreb's Toxic Ra |       |     4 ||     4
  Use: Potion            |       |     6 ||     6
  Eat: Chunk             |     2 |     4 ||     6
Armor: Robe              |    10 |     2 ||    12
       Skin              |       |    13 ||    13
Dodge: Dodged            |    28 |    16 ||    44
